 Dungeon Crawl Stone Soup version 0.30-a0-802-gb92711bcdf (webtiles) character file.

Game seed: 3047980246023565943

22869 Maken the Blocker (level 13, -1/101 HPs)
             Began as a Gnoll Wanderer on Feb 25, 2023.
             Was an Initiate of Gozag.
             Slain by an eight-headed hydra (7 damage)
             ... on level 2 of the Lair of Beasts.
             The game lasted 00:53:12 (16759 turns).

Maken the Blocker (Gnoll Wanderer)                 Turns: 16759, Time: 00:53:13

Health: -1/101     AC: 20    Str: 10    XL:     13   Next: 3%
Magic:  25/25      EV:  7    Int: 13    God:    Gozag
Gold:   549        SH: 19    Dex: 23    Spells: 29/29 levels left

rFire   . . .      SeeInvis .    m - +5 morningstar (flame)
rCold   . . .      Faith    .    A - +0 kite shield
rNeg    . . .      Spirit   .    a - +3 chain mail {Will+}
rPois   .          Reflect  +    k - +0 helmet
rElec   .          Harm     .    (no cloak)
rCorr   .          Rampage  .    V - +0 pair of gloves
Will    +....                    (no boots)
Stlth   ++                       v - amulet of reflection
HPRegen 0.36/turn                Q - +6 ring of dexterity
MPRegen 0.19/turn                O - +4 ring of protection

@: gold aura
A: fangs 1, strong nose, distributed training
a: Renounce Religion, Potion Petition, Call Merchant, Bribe Branch


You were on level 2 of the Lair of Beasts.
You worshipped Gozag.
Gozag was pleased with you.
You visited 3 branches of the dungeon, and saw 14 of its levels.

You collected 1384 gold pieces.
You paid 835 gold pieces to Gozag.

Inventory:

Hand Weapons
 e - a +1 whip of holy wrath
 m - a +5 morningstar of flaming (weapon)
 E - the +4 dagger of the Lame Duck {venom, Str+2 Dex+4 Stlth+}
   (You found it on level 4 of the Dungeon)

   Str:       It affects your strength (+2).
   Dex:       It affects your dexterity (+4).
   Stlth:     It makes you more stealthy.
Missiles
 z - 20 poisoned darts (quivered)
Armour
 a - a +3 chain mail of willpower (worn)
 c - a +0 pair of gloves
 h - the +1 leather armour "Caling" {rCorr}
   (You found it on level 1 of the Lair of Beasts)

   rCorr:     It protects you from acid and corrosion.
 k - a +0 helmet (worn)
 A - a +0 kite shield (worn)
 N - a +1 chain mail of fire resistance
 V - a +0 pair of gloves (worn)
Jewellery
 j - a ring of willpower
 o - a ring of resist corrosion
 r - a ring of see invisible
 v - an amulet of reflection (around neck)
 O - a +4 ring of protection (right hand)
 Q - a +6 ring of dexterity (left hand)
 S - an amulet of the acrobat
 X - a +4 ring of protection
Wands
 D - a wand of quicksilver (19)
 G - a wand of mindburst (1)
 M - a wand of flame (19)
 W - a wand of polymorph (8)
Scrolls
 b - 8 scrolls of teleportation
 p - 2 scrolls of poison
 s - a scroll of identify
 w - a scroll of magic mapping
 y - 2 scrolls of fear
 F - a scroll of enchant armour
 J - a scroll of amnesia {unknown}
 L - 3 scrolls of fog
 P - a scroll of immolation
 U - 2 scrolls of blinking
Potions
 d - a potion of invisibility
 f - a potion of heal wounds
 g - 2 potions of attraction
 i - a potion of might {unknown}
 l - a potion of haste
 n - 3 potions of resistance
 q - 2 potions of curing
 t - a potion of ambrosia {unknown}
 u - 5 potions of cancellation
 x - 4 potions of mutation {unknown}
 B - 4 potions of lignification
 H - a potion of berserk rage {unknown}
 I - a potion of flight {unknown}
 K - a potion of magic {unknown}
 R - 3 potions of brilliance
Miscellaneous
 C - a tin of tremorstones (2/2)
 T - a phial of floods


   Skills:
 + Level 9.4 Fighting
 + Level 8.1 Short Blades
 + Level 8.1 Long Blades
 + Level 8.1 Axes
 + Level 8.1 Maces & Flails
 + Level 8.1 Polearms
 + Level 8.1 Staves
 + Level 8.1 Ranged Weapons
 + Level 8.1 Throwing
 + Level 8.6 Armour
 + Level 8.1 Dodging
 + Level 9.2 Stealth
 + Level 11.7 Shields
 + Level 8.1 Unarmed Combat
 + Level 8.7 Spellcasting
 + Level 6.8 Conjurations
 + Level 6.8 Hexes
 + Level 6.8 Summonings
 + Level 6.8 Necromancy
 + Level 6.8 Translocations
 + Level 6.8 Transmutations
 + Level 6.8 Fire Magic
 + Level 6.8 Ice Magic
 + Level 6.8 Air Magic
 + Level 6.8 Earth Magic
 + Level 6.8 Poison Magic
 + Level 8.9 Invocations
 + Level 8.1 Evocations


You had 29 spell levels left.
You didn't know any spells.
Your spell library contained the following spells:

 Spells                   Type           Power      Damage    Failure   Level
 Magic Dart               Conj           92%        1d7       52%         1
 Call Imp                 Summ           23%        N/A       67%         2
 Dazzling Flash           Conj/Hex       46%        N/A       88%         3
 Ignite Poison            Fire/Tmut/Pois 23%        N/A       88%         3
 Kindle Blastsparks       Fire/Tloc/Air  46%        2d13      88%         3
 Mephitic Cloud           Conj/Pois/Air  23%        N/A       88%         3
 Anguish                  Hex/Necr       11%        N/A       99%         4
 Iskenderun's Mystic Bla  Conj/Tloc      23%        2d6       99%         4
 Passage of Golubria      Tloc           23%        N/A       99%         4
 Freezing Cloud           Conj/Ice/Air   11%        6-21      100%        5
 Silence                  Hex/Air        11%        N/A       100%        5
 Starburst                Conj/Fire      11%        6d5       100%        6
 Enfeeble                 Hex            11%        N/A       100%        7
 Lehudib's Crystal Spear  Conj/Erth      11%        10d4      100%        8


Dungeon Overview and Level Annotations

Branches:
Dungeon (11/15)            Temple (1/1) D:6            Lair (2/5) D:8
  Snake (0/4) Lair:2          Orc (0/2) D:9
  Swamp: Lair:2-3    Shoals: Lair:2-3

Altars:
Ashenzari
Cheibriados
Dithmenos
Elyvilon
Fedhas
Gozag
Hepliaklqana
Kikubaaqudgha
Makhleb
Nemelex Xobeh
Okawaru
Qazlal
Ru
Sif Muna
Trog
Uskayaw
Vehumet
Wu Jian
Xom
Yredelemnul
Zin
The Shining One

Shops:
D:4 =

Annotations:
D:6 2 transporters, pigah's ghost, novice OpWn
D:8 1 runed translucent door


Innate Abilities, Weirdness & Mutations

You have very sharp teeth.
Your uncanny sense of smell can sniff out nearby items.
Your experience applies equally to all skills.


Message History

You block the eight-headed hydra's attack. x2
The eight-headed hydra barely misses you.
The eight-headed hydra bites you but does no damage.
You block the eight-headed hydra's attack.
The eight-headed hydra barely misses you.
The eight-headed hydra bites you.
The eight-headed hydra bites you but does no damage. x2
The eight-headed hydra barely misses you.
The eight-headed hydra bites you. x2
The eight-headed hydra bites you but does no damage. x2
The eight-headed hydra bites you. The eight-headed hydra bites you!
* * * LOW HITPOINT WARNING * * *
You hit the eight-headed hydra. You burn the eight-headed hydra.
The eight-headed hydra is heavily wounded.
You block the eight-headed hydra's attack.
The eight-headed hydra bites you but does no damage. x3
You block the eight-headed hydra's attack.
The eight-headed hydra bites you but does no damage.
The eight-headed hydra bites you.
* * * LOW HITPOINT WARNING * * *
The eight-headed hydra barely misses you.
You hit the eight-headed hydra. You burn the eight-headed hydra.
You bite the eight-headed hydra.
The eight-headed hydra is severely wounded.
You block the eight-headed hydra's attack.
The eight-headed hydra closely misses you.
The eight-headed hydra bites you but does no damage.
You block the eight-headed hydra's attack.
The eight-headed hydra bites you!
* * * LOW HITPOINT WARNING * * *
You block the eight-headed hydra's attack.
The eight-headed hydra bites you.
* * * LOW HITPOINT WARNING * * *
The eight-headed hydra closely misses you.
You hit the eight-headed hydra. You burn the eight-headed hydra.
The eight-headed hydra is severely wounded.
The eight-headed hydra bites you but does no damage.
The eight-headed hydra bites you!
You die...
Your body crumbles into a pile of gold.

###...............#
..#..#.#.##...#..##
..#.......##.###.###♣##
.....###P.#..###.#.♣..##
#...#####.##....#......##
......##...#..###♣.>.♣#.#
......###.....###.....#.#
........P..#....##...##.#
..>........##.##@##+.##.#
.......##..##.###D....###
......#.##.##.#..F.♣...##
......#......##.........#
#...###
....#...♣..<..♣..# ##.#.#
#.##.............# #....
####.......♣.......# ..#
#.#)..........#..... #.##
##...♣...........♣


You could see an eight-headed hydra (very poisoned) and a cane toad.

Vanquished Creatures
  5 two-headed ogres
  2 centaur warriors
  A skyshark (Lair:2)
  An ugly thing (D:11)
  A cyclops (D:11)
  Maurice (D:10)
  A molten gargoyle (D:11)
  A torpor snail (Lair:1)
  2 cane toads
  A kobold demonologist (D:8)
  5 komodo dragons
  3 trolls
  Prince Ribbit (D:5)
  5 blink frogs (Lair:1)
  A shadow (D:9)
  4 wyverns
  A basilisk (Lair:1)
  18 yaks
  A wraith (D:11)
  Grum (D:10)
  2 steam dragons
  Menkaure (D:7)
  4 vampire mosquitoes
  A swamp worm (Lair:2)
  3 nagas (Lair:2)
  4 water moccasins
  A warg (D:9)
  An acid dragon (D:8)
  11 orc warriors
  3 black bears
  A sky beast (D:8)
  5 ogres
  2 wolves (D:10)
  5 centaurs
  3 gnoll sergeants
  4 kobold brigands
  5 bullfrogs
  3 scorpions
  21 wights
  17 killer bees
  A howler monkey (D:10)
  A crimson imp (D:7)
  2 lava snakes (D:11)
  12 orc priests
  5 hounds
  A jelly (D:4)
  3 gnoll boudas
  5 iguanas
  12 orc wizards
  18 gnolls
  5 adders
  A shadow imp (D:6)
  An ufetubus (D:5)
  2 worms
  A dart slug (D:3)
  50 orcs
  3 endoplasms (D:3)
  3 giant cockroaches
  7 goblins
  9 hobgoblins
  23 kobolds
  4 quokkas (D:4)
  6 ball pythons
  5 bats
  3 frilled lizards (D:3)
  3 rats
339 creatures vanquished.

Vanquished Creatures (others)
  A manticore (D:11)
  3 fungi
  4 plants
8 creatures vanquished.

Grand Total: 347 creatures vanquished

Notes
Turn   | Place    | Note
-------+----------+-------------------------------------------
     0 | D:1      | Maken the Gnoll Wanderer began the quest for the Orb.
     0 | D:1      | Maken set off with the following items: a +0 dagger, a
                  | scroll of teleportation, a +0 pair of gloves, a potion of
                  | invisibility, a +0 leather armour, a +2 buckler.
     0 | D:1      | Reached XP level 1. HP: 20/20 MP: 4/4
   790 | D:2      | Reached XP level 2. HP: 26/26 MP: 5/5
  1060 | D:2      | Reached XP level 3. HP: 31/31 MP: 7/7
  1507 | D:2      | Reached skill level 1 in Invocations
  1627 | D:2      | Reached skill level 1 in Short Blades
  1627 | D:2      | Reached skill level 1 in Long Blades
  1627 | D:2      | Reached skill level 1 in Axes
  1627 | D:2      | Reached skill level 1 in Maces & Flails
  1627 | D:2      | Reached skill level 1 in Polearms
  1627 | D:2      | Reached skill level 1 in Staves
  1627 | D:2      | Reached skill level 1 in Ranged Weapons
  1627 | D:2      | Reached skill level 1 in Throwing
  1627 | D:2      | Reached skill level 1 in Dodging
  1627 | D:2      | Reached skill level 1 in Unarmed Combat
  1627 | D:2      | Reached skill level 1 in Evocations
  1635 | D:2      | Reached XP level 4. HP: 27/38 MP: 8/8
  1825 | D:3      | Reached skill level 1 in Conjurations
  1825 | D:3      | Reached skill level 1 in Hexes
  1825 | D:3      | Reached skill level 1 in Summonings
  1825 | D:3      | Reached skill level 1 in Necromancy
  1825 | D:3      | Reached skill level 1 in Translocations
  1825 | D:3      | Reached skill level 1 in Transmutations
  1825 | D:3      | Reached skill level 1 in Fire Magic
  1825 | D:3      | Reached skill level 1 in Ice Magic
  1825 | D:3      | Reached skill level 1 in Air Magic
  1825 | D:3      | Reached skill level 1 in Earth Magic
  1825 | D:3      | Reached skill level 1 in Poison Magic
  2196 | D:3      | Reached XP level 5. HP: 42/43 MP: 9/9
  2961 | D:4      | Found Ivyrafa's Jewellery Shoppe.
  3018 | D:4      | Found the +18 Lear's hauberk
  3041 | D:4      | Identified the +4 dagger of the Lame Duck {venom, Str+2
                  | Dex+4 Stlth+}
  3203 | D:4      | Reached XP level 6. HP: 29/50 MP: 11/11
  3574 | D:5      | Entered Level 5 of the Dungeon
  3666 | D:5      | Reached skill level 5 in Fighting
  3839 | D:5      | Noticed Prince Ribbit
  3978 | D:5      | Killed Prince Ribbit
  3979 | D:5      | Reached XP level 7. HP: 36/56 MP: 12/12
  4077 | D:5      | Reached skill level 5 in Stealth
  4077 | D:5      | Reached skill level 9 in Shields
  5263 | D:6      | Found a transporter.
  5266 | D:6      | Noticed pigah's ghost (novice OpWn)
  5278 | D:6      | Reached XP level 8. HP: 63/63 MP: 14/14
  5291 | D:6      | Found a transporter.
  5958 | D:6      | Reached XP level 9. HP: 69/69 MP: 16/16
  6084 | D:6      | Reached skill level 5 in Spellcasting
  6128 | D:6      | Found a staircase to the Ecumenical Temple.
  6136 | Temple   | Entered the Ecumenical Temple
  6410 | D:6      | Reached skill level 5 in Armour
  6661 | D:6      | Found a shimmering blue altar of Sif Muna.
  6783 | D:7      | Found a burning altar of Makhleb.
  6784 | D:7      | Found a radiant altar of Vehumet.
  7024 | D:7      | Reached skill level 5 in Invocations
  7585 | D:7      | Noticed Menkaure
  7587 | D:7      | Killed Menkaure
  7996 | D:8      | Reached skill level 5 in Short Blades
  7996 | D:8      | Reached skill level 5 in Long Blades
  7996 | D:8      | Reached skill level 5 in Axes
  7996 | D:8      | Reached skill level 5 in Maces & Flails
  7996 | D:8      | Reached skill level 5 in Polearms
  7996 | D:8      | Reached skill level 5 in Staves
  7996 | D:8      | Reached skill level 5 in Ranged Weapons
  7996 | D:8      | Reached skill level 5 in Throwing
  7996 | D:8      | Reached skill level 5 in Dodging
  7996 | D:8      | Reached skill level 5 in Unarmed Combat
  7996 | D:8      | Reached skill level 5 in Evocations
  7996 | D:8      | Reached XP level 10. HP: 74/77 MP: 18/18
  8181 | D:8      | Reached skill level 10 in Shields
  8272 | D:8      | Found a staircase to the Lair.
  8374 | D:8      | Found a hazy altar of Hepliaklqana.
  8691 | D:8      | Noticed a two-headed ogre
  8724 | D:8      | Killed a two-headed ogre
  8833 | D:8      | Noticed a boulder beetle
  8835 | D:8      | Found a runed translucent door.
  9031 | D:8      | Noticed a kobold demonologist
  9048 | D:8      | Noticed a sixfirhy
  9049 | D:8      | Killed a kobold demonologist
  9267 | D:8      | Noticed a centaur warrior
  9293 | D:8      | Killed a centaur warrior
  9516 | D:8      | Noticed a tengu warrior
  9518 | D:8      | Noticed a centaur warrior
  9524 | D:8      | Noticed a rakshasa
  9526 | D:8      | Noticed a centaur warrior
  9532 | D:8      | Reached skill level 5 in Conjurations
  9532 | D:8      | Reached skill level 5 in Hexes
  9532 | D:8      | Reached skill level 5 in Summonings
  9532 | D:8      | Reached skill level 5 in Necromancy
  9532 | D:8      | Reached skill level 5 in Translocations
  9532 | D:8      | Reached skill level 5 in Transmutations
  9532 | D:8      | Reached skill level 5 in Fire Magic
  9532 | D:8      | Reached skill level 5 in Ice Magic
  9532 | D:8      | Reached skill level 5 in Air Magic
  9532 | D:8      | Reached skill level 5 in Earth Magic
  9532 | D:8      | Reached skill level 5 in Poison Magic
  9647 | D:9      | Reached XP level 11. HP: 85/85 MP: 21/21
  9899 | D:9      | Noticed a two-headed ogre
  9933 | D:9      | Killed a two-headed ogre
 10716 | D:9      | Noticed a centaur warrior
 10733 | D:9      | Killed a centaur warrior
 10918 | D:9      | Found a staircase to the Orcish Mines.
 11398 | D:10     | Entered Level 10 of the Dungeon
 11398 | D:10     | Noticed Maurice
 11411 | D:10     | Killed Maurice
 11501 | D:10     | Noticed Grum
 11521 | D:10     | Killed Grum
 11533 | D:10     | Noticed a two-headed ogre
 11654 | D:10     | Killed a two-headed ogre
 11861 | D:10     | Reached skill level 11 in Shields
 12104 | D:10     | Found a glowing golden altar of the Shining One.
 12106 | D:10     | Found a shadowy altar of Dithmenos.
 12434 | D:11     | Noticed a two-headed ogre
 12455 | D:11     | Killed a two-headed ogre
 12566 | D:11     | Noticed a cyclops
 12579 | D:11     | Killed a cyclops
 12604 | D:11     | Noticed a manticore
 12613 | D:11     | Killed a manticore
 12614 | D:11     | Reached XP level 12. HP: 76/94 MP: 23/23
 13367 | D:11     | Noticed a two-headed ogre
 13379 | D:11     | Killed a two-headed ogre
 14215 | D:10     | Found a sparkling altar of Nemelex Xobeh.
 14215 | D:10     | Found an opulent altar of Gozag.
 14224 | D:10     | Became a worshipper of Gozag Ym Sagoz the Greedy
 14344 | Lair:1   | Entered Level 1 of the Lair of Beasts
 14929 | Lair:1   | Identified the +1 leather armour "Caling" {rCorr}
 15505 | Lair:2   | Identified the +2 robe "Kyczum" {Rampage rC- rCorr
                  | Archmagi}
 15943 | Lair:2   | Found a staircase to the Snake Pit.
 16146 | Lair:2   | Noticed a skyshark
 16427 | Lair:2   | Killed a skyshark
 16653 | Lair:2   | Reached XP level 13. HP: 94/101 MP: 25/25
 16759 | Lair:2   | Slain by an eight-headed hydra

Illustrated notes

Levels and vault maps discovered:
D:1:      saegor_arrival_under_anarchy, layout_loops_ring
D:2:      layout_basic, grunt_decor_fettered, chequers_mini_garden
D:3:      minmay_chambers_of_threes, layout_basic, minmay_misc_feat_encased
D:4:      layout_loops_ring, serial_shops, nicolae_shop_trees
D:5:      dreamdust_elfheim, layout_layer_cave, minivault_5, uniq_prince_ribbit1
D:6:      layout_basic, mainiacjoe_overflow_alcove_4,
          minmay_temple_entry_junction, gammafunk_ghost_stat_death,
          grunt_tough_drop
D:7:      layout_basic, grunt_temple_overflow_lords_of_destruction,
          uniq_menkaure
D:8:      minmay_the_grid_triangle_9x9_rhombus_full
          [minmay_the_grid_triangle_9x9_subtriangle,
          minmay_the_grid_triangle_9x9_warning,
          minmay_the_grid_triangle_9x9_pentomino_pain,
          minmay_the_grid_triangle_9x9_stretched_checkered,
          minmay_the_grid_triangle_9x9_zippers_horizontal,
          minmay_the_grid_triangle_9x9_cache,
          minmay_the_grid_triangle_9x9_intruding_spiral,
          minmay_the_grid_triangle_9x9_prize_center], layout_basic,
          mainiacjoe_overflow_boulevard, dpeg_oklobed_lair
D:9:      layout_loops_ring, david_orc_1_choice, grunt_ministairs_9,
          kennysheep_generic_room_7
D:10:     layout_rooms, nicolae_overflow_hidden_temple, uniq_maurice, uniq_grum
D:11:     layout_basic, kennysheep_minor_cross
Temple:   eino_temple_water
Lair:1:   layout_concentric_octagons
Lair:2:   layout_loops_ring, palyth_hydra_swamp_entry,
          minmay_snake_entry_guardpost_small, grunt_megastairs_3

Skill      XL: |  1  2  3  4  5  6  7  8  9 10 11 12 |
---------------+-------------------------------------+-----
Invocations    | 1 2 3 4 5 6 7 8 |  8.9
Short Blades   | 1 2 3 5 6 7 8 |  8.1
Long Blades    | 1 2 3 5 6 7 8 |  8.1
Axes           | 1 2 3 5 6 7 8 |  8.1
Maces & Flails | 1 2 3 5 6 7 8 |  8.1
Polearms       | 1 2 3 5 6 7 8 |  8.1
Staves         | 1 2 3 5 6 7 8 |  8.1
Ranged Weapons | 1 2 3 5 6 7 8 |  8.1
Throwing       | 1 2 3 5 6 7 8 |  8.1
Dodging        | 1 2 3 5 6 7 8 |  8.1
Unarmed Combat | 1 2 3 5 6 7 8 |  8.1
Evocations     | 1 2 3 5 6 7 8 |  8.1
Spellcasting   | 3 4 5 6 7 8 |  8.7
Conjurations   | 1 2 3 4 5 6 |  6.8
Hexes          | 1 2 3 4 5 6 |  6.8
Summonings     | 1 2 3 4 5 6 |  6.8
Necromancy     | 1 2 3 4 5 6 |  6.8
Translocations | 1 2 3 4 5 6 |  6.8
Transmutations | 1 2 3 4 5 6 |  6.8
Fire Magic     | 1 2 3 4 5 6 |  6.8
Ice Magic      | 1 2 3 4 5 6 |  6.8
Air Magic      | 1 2 3 4 5 6 |  6.8
Earth Magic    | 1 2 3 4 5 6 |  6.8
Poison Magic   | 1 2 3 4 5 6 |  6.8
Armour         | 3 4 5 6 7 8 |  8.6
Fighting       | 5 6 7 8 9 |  9.4
Stealth        | 5 6 7 8 9 |  9.2
Shields        | 9 10 11 | 11.7

Action                     |  1- 3 |  4- 6 |  7- 9 | 10-12 | 13-15 || total
---------------------------+-------+-------+-------+-------+-------++-------
  Melee: Dagger            |   126 |   281 |   313 |   580 |       ||  1300
         Bite              |    10 |    27 |    57 |   165 |     1 ||   260
         Whip              |       |       |       |    82 |       ||    82
         Morningstar       |       |       |       |   347 |    17 ||   364
  Throw: Dart              |       |       |     3 |    46 |     6 ||    55
 Invoke: Potion Petition   |       |       |       |     2 |       ||     2
  Evoke: Wand              |       |       |     1 |       |       ||     1
    Use: Scroll            |       |       |     7 |    14 |       ||    21
         Potion            |       |       |       |     6 |       ||     6
   Stab: Sleeping          |       |     5 |    12 |     2 |       ||    19
         Distracted        |       |       |     1 |     5 |       ||     6
 Armour: Scale mail        |    47 |    48 |    47 |     9 |       ||   151
         Chain mail        |       |       |       |   300 |    15 ||   315
  Dodge: Dodged            |    32 |    53 |    54 |   136 |    11 ||   286
  Block: Buckler           |    42 |    76 |       |       |       ||   118
         Kite shield       |       |    76 |   205 |   922 |    21 ||  1224
         Reflection        |       |     2 |     2 |    26 |     2 ||    32

Table legend: (Time is in decaauts)
 A = Elapsed time spent in this place.
 B = Non-inter-level travel time spent in this place.
 C = Inter-level travel time spent in this place.
 D = Time resting spent in this place.
 E = Time spent auto-exploring this place.
 F = Levels seen in this place.
 G = Mean time per level.
                   A        B        C        D        E       F      G
               +--------+--------+--------+--------+--------+-----+--------+
         Total |  16665 |  16227 |    438 |   2268 |  10138 |  14 | 1190.4 |
       Dungeon |  13968 |  13553 |    415 |   1696 |   8676 |  11 | 1269.8 |
        Temple |    224 |    210 |     14 |      0 |    199 |   1 |  224.0 |
          Lair |   2471 |   2462 |      9 |    572 |   1263 |   2 | 1235.5 |
               +--------+--------+--------+--------+--------+-----+--------+

Top non-repeatable levels by time:
     D:9: 1856 daAuts
     D:8: 1821 daAuts
    D:11: 1738 daAuts
     D:5: 1461 daAuts
  Lair:2: 1320 daAuts
     D:6: 1227 daAuts
  Lair:1: 1151 daAuts
     D:7: 1067 daAuts
     D:3: 1049 daAuts
     D:2: 1047 daAuts
    D:10: 1012 daAuts
     D:4: 938 daAuts
     D:1: 748 daAuts
  Temple: 224 daAuts
